 Dungeon Crawl Stone Soup version 0.26-a0-18-g135ff06667 (webtiles) character file.

Game seed: 3256884443022901112, levelgen mode: deterministic

4550 Mrkan the Grappler (level 10, 0/100 HPs)
             Began as a Troll Monk on May 25, 2020.
             Was a High Priest of Elyvilon.
             Killed from afar by Maurice (20 damage)
             ... with a bolt of acid
             ... on level 9 of the Dungeon.
             The game lasted 00:16:37 (6868 turns).

Mrkan the Grappler (Troll Monk)                     Turns: 6868, Time: 00:16:38

Health: 0/100      AC:  2    Str: 23    XL:     10   Next: 17%
Magic:  10/12      EV: 12    Int:  7    God:    Elyvilon [*****.]
Gold:   251        SH:  0    Dex: 12    Spells: 9/9 levels left

rFire    . . .     SeeInvis .     - Unarmed
rCold    . . .     Gourm    +   (no shield)
rNeg     . . .     Faith    .   B - +0 steam dragon scales
rPois    .         Spirit   .   (helmet restricted)
rElec    .         Reflect  .   z - scarf {repulsion}
rCorr    .         Harm     .   (gloves unavailable)
MR       .....                  (boots unavailable)
Stlth    +.........             (no amulet)
HPRegen  0.66/turn              (no ring)
MPRegen  0.13/turn              (no ring)

@: corroded, lightly drained, repel missiles
A: large, unfitting armour, claws 3, fast metabolism 3, gourmand, regeneration
1, shaggy fur 1, tough skin 3
a: Lesser Healing, Heal Other, Purification, Greater Healing, Divine Vigour,
Divine Protection, Renounce Religion


You were on level 9 of the Dungeon.
You worshipped Elyvilon.
Elyvilon was extremely pleased with you.
You were not hungry.

You visited 1 branch of the dungeon, and saw 9 of its levels.

You collected 251 gold pieces.

Inventory:

Hand Weapons
 A - a cursed -2 broad axe
Missiles
 a - 3 curare-tipped darts (quivered)
Armour
 q - a +0 cloak
 t - a +1 robe of fire resistance
 y - a cursed +0 robe
 z - a scarf of repulsion (worn)
 B - +0 steam dragon scales (worn)
Jewellery
 w - an uncursed ring of protection from cold {unknown}
Wands
 m - a wand of iceblast (7)
 r - a wand of disintegration (13)
 v - a wand of acid (8)
 x - a wand of enslavement (9)
 I - a wand of flame (16)
Scrolls
 c - 7 scrolls of teleportation {unknown}
 d - 3 scrolls of blinking {unknown}
 f - 2 scrolls of amnesia {unknown}
 g - 6 scrolls of remove curse {unknown}
 i - 8 scrolls of identify {unknown}
 k - 3 scrolls of magic mapping {unknown}
 p - a scroll of random uselessness {unknown}
 s - 2 scrolls of fear {unknown}
 u - 2 scrolls of enchant armour {unknown}
 D - a scroll of acquirement {unknown}
 E - a scroll of noise {unknown}
 F - a scroll of vulnerability {unknown}
 G - a scroll of fog {unknown}
 H - a scroll of enchant weapon {unknown}
Potions
 e - 2 potions of flight {unknown}
 h - 6 potions of curing {unknown}
 j - a potion of degeneration {unknown}
 l - 2 potions of lignification {unknown}
 n - a potion of ambrosia {unknown}
 o - 3 potions of might {unknown}
Comestibles
 b - 13 rations


   Skills:
 * Level 6.6(6.2) Fighting
 - Level 4.9(4.5) Armour
 - Level 6.2(5.8) Dodging
 - Level 1.0(0.6) Stealth
 - Level 8.0(7.5) Unarmed Combat
 - Level 5.0(4.6) Invocations


You had 9 spell levels left.
You didn't know any spells.
Your spell library contained the following spells:

 Spells                   Type           Power        Failure   Level  Hunger
 Summon Small Mammal      Summ           #...         43%         1    ##.....
 Call Imp                 Summ           #.......     56%         2    ###....
 Call Canine Familiar     Summ           #.......     80%         3    ####...
 Summon Guardian Golem    Hex/Summ       #.......     80%         3    ####...
 Summon Ice Beast         Ice/Summ       #.......     99%         4    #####..
 Summon Lightning Spire   Summ/Air       #.......     99%         4    #####..


Dungeon Overview and Level Annotations

Branches:
Dungeon (9/15)             Temple (0/1) D:6
   Lair: D:8-11         Orc: D:9-12

Altars:
Cheibriados
Elyvilon
Gozag
Kikubaaqudgha
Makhleb
Ru
Uskayaw
Vehumet
Yredelemnul
The Shining One

Annotations:
D:9 Maurice


Innate Abilities, Weirdness & Mutations

You are too large for most types of armour.
You have claws for hands.
Your metabolism is lightning-fast.
You like to eat raw meat.
Your natural rate of healing is unusually fast.
You are covered in fur. (AC +1)
You have extremely tough skin. (AC +3)


Message History

Maurice flickers and vanishes!
Deactivating autopickup; reactivate with Ctrl-A.
You scratch something but do no damage. You miss something.
You hear a zap.
A bolt of acid appears from out of thin air!
The bolt of acid misses you.
You barely miss something. Something hits you!
Something steals 4 of your 7 curare-tipped darts!
You miss something. Something completely misses you.
You closely miss something.
You hear a zap.
A bolt of acid appears from out of thin air!
The bolt of acid hits you!
You are splashed with acid!
* * * LOW HITPOINT WARNING * * *
You scratch something but do no damage. Your claw misses something.
You hear a zap.
A bolt of acid appears from out of thin air!
The bolt of acid hits you!!
You die...

# ###. #..
###.#####
#.......#
#.......###
#^..@{....#
#.......#..#
#.<.....#
#...........#
#####.......#
#.......#
###.##### #..
##


There were no monsters in sight!

Vanquished Creatures
  Pikel (D:4)
  2 hippogriffs
  Sigmund (D:4)
  Eustachio (D:6)
  A steam dragon (D:7)
  Edmund (D:4)
  5 ice beasts
  3 orc warriors (D:8)
  3 sky beasts
  A hornet zombie (D:8)
  2 phantoms
  4 ogres
  A centaur (D:5)
  A bullfrog (D:7)
  2 scorpions
  4 wights (D:8)
  A howler monkey (D:6)
  2 crimson imps
  4 orc priests
  A centaur skeleton (D:8)
  6 hounds
  3 orc wizards
  Crazy Yiuf (D:3)
  2 bullfrog skeletons
  2 iguanas
  5 worker ants
  A hound zombie (D:7)
  A hound skeleton (D:7)
  7 adders
  13 gnolls
  2 oozes
  An adder zombie (D:5)
  A worm (D:4)
  2 dart slugs
  5 leopard geckos
  46 orcs
  8 bats
  6 giant cockroaches
  2 gnoll zombies (D:2)
  7 goblins
  9 hobgoblins
  10 jackals
  12 kobolds
  A quokka (D:2)
  A ball python (D:5)
  15 frilled lizards
  A leopard gecko skeleton (D:5)
  A quokka skeleton (D:4)
  7 rats
  A fungus (D:3)
220 creatures vanquished.

Vanquished Creatures (others)
  A howler monkey (D:4)
  2 gnolls (D:4)
  5 toadstools (D:1)
8 creatures vanquished.

Grand Total: 228 creatures vanquished

Notes
Turn   | Place    | Note
-------+----------+-------------------------------------------
     0 | D:1      | Mrkan the Troll Monk began the quest for the Orb.
     0 | D:1      | Reached XP level 1. HP: 22/22 MP: 0/0
   102 | D:1      | Reached XP level 2. HP: 29/29 MP: 1/1
   280 | D:1      | Reached skill level 4 in Unarmed Combat
   410 | D:1      | Reached XP level 3. HP: 36/36 MP: 2/2
  1000 | D:2      | Found a white marble altar of Elyvilon.
  1005 | D:2      | Became a worshipper of Elyvilon the Healer
  1005 | D:2      | Reached * piety under Elyvilon
  1005 | D:2      | Reached ** piety under Elyvilon
  1042 | D:2      | Found a hide-covered altar of Uskayaw.
  1047 | D:2      | Reached XP level 4. HP: 43/45 MP: 3/3
  1221 | D:2      | Found a basalt altar of Yredelemnul.
  1363 | D:3      | Reached skill level 5 in Unarmed Combat
  1369 | D:3      | Reached skill level 1 in Invocations
  1570 | D:3      | Found a glowing golden altar of the Shining One.
  1600 | D:3      | Reached XP level 5. HP: 52/53 MP: 3/5
  2170 | D:3      | Found a runed translucent door.
  2171 | D:3      | Noticed Crazy Yiuf
  2177 | D:3      | Killed Crazy Yiuf
  2304 | D:4      | Reached XP level 6. HP: 61/61 MP: 7/7
  2380 | D:4      | Reached *** piety under Elyvilon
  2512 | D:4      | Noticed Edmund
  2513 | D:4      | Noticed a slave
  2513 | D:4      | Noticed a slave
  2514 | D:4      | Noticed Pikel
  2514 | D:4      | Noticed a slave
  2514 | D:4      | Noticed a slave
  2534 | D:4      | Killed Edmund
  2534 | D:4      | Reached skill level 5 in Invocations
  2534 | D:4      | Reached XP level 7. HP: 59/67 MP: 9/9
  2543 | D:4      | Killed Pikel
  2543 | D:4      | Reached skill level 5 in Fighting
  2724 | D:4      | Reached XP level 8. HP: 81/83 MP: 10/10
  2741 | D:4      | Noticed Sigmund
  2789 | D:4      | Killed Sigmund
  3114 | D:5      | Entered Level 5 of the Dungeon
  3117 | D:5      | Reached **** piety under Elyvilon
  3135 | D:5      | Found an ancient bone altar of Kikubaaqudgha.
  3135 | D:5      | Found a radiant altar of Vehumet.
  3135 | D:5      | Found a burning altar of Makhleb.
  3298 | D:5      | Reached skill level 6 in Unarmed Combat
  3398 | D:5      | Reached skill level 7 in Unarmed Combat
  3656 | D:5      | Found a snail-covered altar of Cheibriados.
  3910 | D:6      | Reached skill level 8 in Unarmed Combat
  3910 | D:6      | Reached XP level 9. HP: 30/92 MP: 11/11
  4235 | D:6      | Noticed Eustachio
  4288 | D:6      | Killed Eustachio
  4371 | D:6      | Reached skill level 5 in Dodging
  4562 | D:6      | Reached ***** piety under Elyvilon
  4577 | D:6      | Found a staircase to the Ecumenical Temple.
  5086 | D:7      | Found a sacrificial altar of Ru.
  5345 | D:7      | Reached skill level 1 in Armour
  5944 | D:8      | HP: 4/92 [orc warrior/+0 hand axe (12)]
  5947 | D:8      | Reached XP level 10. HP: 24/100 MP: 9/12
  6294 | D:8      | Found an opulent altar of Gozag.
  6849 | D:9      | Noticed Maurice
  6868 | D:9      | Killed from afar by Maurice

Illustrated notes

Levels and vault maps discovered:
D:1:      ldierk_walled_garden, layout_basic, minmay_lizard_king
D:2:      layout_rooms, lemuel_zombie_altar_yredelemnul, lemuel_crystal_altar,
          nicolae_overflow_crystal_walls, first_ration
D:3:      layout_basic, nicolae_tso_carved_into_rock, uniq_crazy_yiuf_cottage
D:4:      layout_loops_ring, uniq_sigmund, uniq_edmund, uniq_pikel
D:5:      layout_cave_pools, kennysheep_little_box,
          gammafunk_temple_overflow_forgotten
D:6:      layout_cave_pools, minmay_temple_entry_offerings, uniq_eustachio
D:7:      layout_cave_pods, nicolae_ru_path_of_blood,
          hangedman_decor_diamond_cutter, centaur_isle
D:8:      layout_gridville, nicolae_gozag_cash_rules_everything_around_me,
          special_room [special_room_orc]
D:9:      layout_roguey, okawaru_gym_becter, enter_bailey_2, blue_anna_alchemist
          [blue_anna_fruit_fields, blue_anna_fruit_fields], uniq_joseph,
          uniq_maurice

Skill      XL: |  1  2  3  4  5  6  7  8  9 10 |
---------------+-------------------------------+-----
Unarmed Combat | 4 5 8 |  8.0
Fighting       | 3 5 6 |  6.6
Invocations    | 1 3 5 |  5.0
Dodging        | 6 |  6.2
Armour         | 3 4 |  4.9
Stealth        | |  1.0

Action                   |  1- 3 |  4- 6 |  7- 9 | 10-12 || total
-------------------------+-------+-------+-------+-------++-------
Melee: Unarmed           |   112 |   172 |   334 |    82 ||   700
       Punch             |       |     5 |    11 |     1 ||    17
Invok: Greater Healing   |       |       |     1 |     3 ||     4
 Stab: Sleeping          |     1 |     3 |     1 |       ||     5
  Eat: Chunk             |    15 |    14 |    31 |     4 ||    64
Armor: Robe              |    61 |    37 |   118 |       ||   216
       Steam dragon scal |       |       |    32 |    24 ||    56
Dodge: Dodged            |    72 |    74 |   167 |    39 ||   352
       Repelled          |       |       |    10 |       ||    10

Table legend:
 A = Non-vault XP
 B = Vault XP
 C = Vault XP percentage of total XP
 D = Non-vault monster count
 E = Vault monster count
 F = Vault count percentage of total count
                 A         B        C        D         E       F
            +---------+---------+-------+---------+---------+-------
      Total |    4709 |    1792 |  27.6 |     175 |      44 |  20.1
            +---------+---------+-------+---------+---------+-------
        D:1 |      50 |      13 |  20.6 |      30 |      11 |  26.8
        D:2 |      38 |       4 |   9.5 |      14 |       2 |  12.5
        D:3 |     129 |      41 |  24.1 |      29 |       1 |   3.3
        D:4 |     512 |    1029 |  66.8 |      29 |       3 |   9.4
        D:5 |     865 |       0 |   0.0 |      20 |       0 |   0.0
        D:6 |    1027 |     202 |  16.4 |      20 |       1 |   4.8
        D:7 |     971 |       0 |   0.0 |      19 |       0 |   0.0
        D:8 |    1117 |     503 |  31.0 |      14 |      26 |  65.0
            +---------+---------+-------+---------+---------+-------
